 Dungeon Crawl Stone Soup version 0.18-a0-1805-g8ab820f (webtiles) character file.

80590 beholder the Destroyer (level 15, -5/89 HPs)
             Began as a Tengu Air Elementalist on Apr 7, 2016.
             Was an Initiate of Vehumet.
             Killed from afar by a shock serpent (9 damage)
             ... with an electric aura
             ... on level 1 of the Snake Pit on Apr 26, 2016.
             The game lasted 10:44:02 (29946 turns).

beholder the Destroyer (Tengu Air Elementalist)    Turns: 29946, Time: 10:44:03

Health: -5/89      AC:  7    Str:  9    XL:     15   Next: 67%
Magic:  23/37      EV: 27    Int: 26    God:    Vehumet [......]
Gold:   1680       SH:  6    Dex: 15    Spells: 7 memorised, 11 levels left

rFire  + . .     SeeInvis .     E - staff of air
rCold  + + .     Gourm    +     Z - +1 leather armour of the Shoals {*Drain rPois rC++ MR+}
rNeg   . . .     Faith    .     G - +1 buckler
rPois  +         Spirit   .     (helmet restricted)
rElec  +         Dismiss  .     a - +0 cloak
rCorr  .         Reflect  .     R - +0 pair of gloves
SustAt .         Harm     .     (boots unavailable)
MR     ++...     Rnd*Rage +     f - amulet "Qipy" {Gourm rPois rF+ Int+5 Stlth-}
Stlth  +.........               Y - ring of magical power
                                v - +3 ring of evasion

@: flying quickly and evasively, repel missiles, quick, very resistant to
hostile enchantments, very unstealthy
A: beak, talons 3, berserk 1, poison resistance, electricity resistance, able to
fly 2
a: Stop Flying, Renounce Religion


You were on level 1 of the Snake Pit.
You worshipped Vehumet.
Vehumet was noncommittal.
You were not hungry.

You visited 5 branches of the dungeon, and saw 23 of its levels.
You also visited: Labyrinth, Ossuary and Ice Cave.

You collected 2539 gold pieces.
You spent 859 gold pieces at shops.

Inventory:

Armour
 a - a +0 cloak (worn)
 G - a +1 buckler (worn)
 R - a +0 pair of gloves (worn)
 Z - the +1 leather armour of the Shoals (worn) {*Drain rPois rC++ MR+}
   (You found it on level 8 of the Dungeon)

   It greatly protects you from cold.
   It protects you from poison.
   It affects your resistance to hostile enchantments.
   It causes draining when unequipped.
Magical Staves
 E - an uncursed staff of air (weapon)
Rods
 i - a +2 rod of inaccuracy (11/11)
   (You found it on level 8 of the Lair of Beasts)
Jewellery
 f - the amulet "Qipy" (around neck) {Gourm rPois rF+ Int+5 Stlth-}
   (You bought it in a shop on level 2 of the Orcish Mines)

   [amulet of the gourmand]

   It allows you to eat raw meat even when not hungry.
   It affects your intelligence (+5).
   It protects you from fire.
   It protects you from poison.
   It makes you less stealthy.
 v - a +3 ring of evasion (left hand)
 D - an uncursed ring of see invisible
 Y - a ring of magical power (right hand)
Wands
 b - a wand of confusion (20/48)
 d - a wand of iceblast (0/15)
 h - a wand of paralysis (9/24)
 k - a wand of digging (5/24)
 m - a wand of paralysis (2/24)
 r - a wand of hasting (0/9)
 t - a wand of polymorph (15/24)
 x - a wand of disintegration (5/24)
 H - a wand of enslavement (9/24)
 I - a wand of paralysis (12/24)
 Q - a wand of paralysis (7/24)
 S - a wand of polymorph (11/24)
Scrolls
 e - 4 scrolls of recharging
 j - 7 scrolls of remove curse
 o - 2 scrolls of teleportation
 y - 3 scrolls of magic mapping
 B - a scroll of blinking
 F - a scroll of holy word {unknown}
 M - a scroll of torment
 O - a scroll of fear
 U - 5 scrolls of fog
Potions
 g - 7 potions of agility
 l - a potion of might
 n - 3 potions of invisibility
 p - 3 potions of curing
 w - a potion of resistance {unknown}
 C - 2 potions of heal wounds
 P - 2 potions of cure mutation {unknown}
 T - 3 potions of haste
Books
 A - a book of Minor Magic

   Spells                             Type                      Level
   a - Magic Dart                     Conjuration                  1
   b - Blink                          Translocation                2
   c - Call Imp                       Summoning                    2
   d - Repel Missiles                 Charms/Air                   2
   e - Slow                           Hexes                        2
   f - Conjure Flame                  Conjuration/Fire             3
   g - Mephitic Cloud                 Conjuration/Poison/Air       3
Miscellaneous
 s - a sack of spiders {used: 1}
 u - a lamp of fire (inert)
Comestibles
 c - 12 bread rations


   Skills:
 + Level 8.6 Fighting
 - Level 8.0 Armour
 + Level 13.3 Dodging
 - Level 2.0 Stealth
 - Level 6.0 Shields
 + Level 8.2 Spellcasting
 + Level 13.4 Conjurations
 - Level 2.0 Charms
 - Level 5.1 Translocations
 + Level 13.1 Air Magic
   Level 9.0 Invocations
 - Level 6.0 Evocations


You had 11 spell levels left.
You knew the following spells:

 Your Spells              Type           Power        Failure   Level  Hunger
a - Shock                 Conj/Air       ####         1%          1    None
b - Repel Missiles        Chrm/Air       ######       1%          2    None
c - Swiftness             Chrm/Air       ######..     1%          2    None
d - Static Discharge      Conj/Air       #######.     1%          3    None
e - Lightning Bolt        Conj/Air       #######...   1%          5    ####...
f - Passage of Golubria   Tloc           N/A          12%         4    ##.....
g - Blink                 Tloc           N/A          1%          2    None


Dungeon Overview and Level Annotations

Branches:
Dungeon (11/15)            Temple (1/1) D:5            Lair (8/8) D:9
  Swamp (0/4) Lair:5        Snake (1/4) Lair:6        Slime (0/6) Lair:8
    Orc (2/2) D:11            Elf (0/3) Orc:2

Altars:
Ashenzari
Cheibriados
Dithmenos
Elyvilon
Fedhas
Gozag
Kikubaaqudgha
Makhleb
Nemelex Xobeh
Okawaru
Pakellas
Qazlal
Ru
Sif Muna
Trog
Vehumet
Xom
Yredelemnul
Zin
The Shining One
Beogh

Shops:
D:5 (   D:8 }   Orc:2 }=}(


Innate Abilities, Weirdness & Mutations

You have a beak for a mouth.
You have claws for feet.
You can fly continuously.
You tend to lose your temper in combat.
Your system is resistant to poisons.
You are resistant to electric shocks.


Message History

Press: ? - help, Shift-Dir - straight line, f/p - shock serpent
Aim: a shock serpent (severely wounded, confused, chance to defeat MR: 67%)
The shock serpent is blasted.
Evoking this partially-identified wand wasted a few charges.
The shock serpent's electric aura discharges, shocking you!
* * * LOW HITPOINT WARNING * * *
Zapping:
x - a wand of disintegration {zapped: 3} (will waste charges)
Press: ? - help, Shift-Dir - straight line, f/p - shock serpent
Aim: a shock serpent (almost dead, confused, chance to defeat MR: 67%)
The shock serpent struggles to resist.
Evoking this partially-identified wand wasted a few charges.
Zapping:
x - a wand of disintegration {zapped: 6} (will waste charges)
Press: ? - help, Shift-Dir - straight line, f/p - shock serpent
Aim: a shock serpent (almost dead, confused, chance to defeat MR: 67%)
The shock serpent is blasted.
You blow up the shock serpent!
Vehumet accepts your kill.
Evoking this partially-identified wand wasted a few charges.
The air sparks with electricity, shocking you!
You die...

#####
##..)##
#..8.<#
#)..@##
#.....#####
##.8. #..
..# .


There were no monsters in sight!

Vanquished Creatures
  Rupert (Lair:7)
  An orc warlord (Orc:2)
  A minotaur (Lab)
  3 hydras
  12 death yaks (Lair:8)
  5 orc high priests (Orc:2)
  A shock serpent (Snake:1)
  Sonja (Lair:3)
  2 orc knights (Orc:1)
  2 hill giants (D:11)
  Pikel (D:9)
  2 orc sorcerers (Orc:2)
  A necromancer (D:11)
  A manticore (D:11)
  2 griffons
  2 slime creatures
  2 cyclopes
  The ghost of Chiseanne the Magician, a novice DsWz of Vehumet (D:6)
  10 elephants
  6 black mambas
  A naga mage (Snake:1)
  21 spiny frogs
  3 rime drakes
  9 komodo dragons
  9 ice devils (IceCv)
  5 giant leeches
  2 trolls
  3 two-headed ogres
  20 blink frogs
  2 boulder beetles
  2 flying skulls (D:11)
  Sigmund (D:4)
  2 wraiths (Ossuary)
  A shadow (Lab)
  3 redbacks (Lab)
  29 yaks
  2 hungry ghosts (Lab)
  6 basilisks
  A vampire mosquito (Lair:8)
  7 hippogriffs
  2 swamp worms (Lair:5)
  A mottled dragon (D:11)
  6 wargs
  A naga (Snake:1)
  7 water moccasins
  14 porcupines
  An ice beast (D:10)
  2 soldier ants (D:10)
  2 black bears
  11 orc warriors
  A wasp (D:9)
  4 slaves (D:9)
  A phantom (D:5)
  A sky beast (D:7)
  8 wolves
  An eye of draining (D:9)
  11 ogres
  2 centaurs
  12 crocodiles
  Blork the orc (D:6)
  21 giant frogs
  3 big kobolds
  2 scorpions
  2 killer bees (D:9)
  6 wights
  A vampire bat (D:11)
  6 howler monkeys
  5 electric eels
  A centaur zombie (D:5)
  2 quasits
  5 crimson imps
  7 hounds
  2 jellies (Lair:8)
  20 orc priests
  9 giant frog skeletons
  A gnoll shaman (D:10)
  19 orc wizards
  5 centaur skeletons
  Terence (D:2)
  13 iguanas
  6 worker ants
  21 sheep
  5 hound skeletons
  A howler monkey skeleton (D:11)
  19 adders
  18 gnolls
  66 river rats
  A shadow imp (D:7)
  10 white imps (IceCv)
  2 ufetubi (IceCv)
  6 oozes
  2 adder zombies
  An adder skeleton (D:5)
  2 worms (D:2)
  3 dart slugs
  8 giant geckos
  75 orcs
  A ball python (D:1)
  21 bats
  5 giant cockroaches
  19 goblins
  9 hobgoblins
  14 jackals
  21 kobolds
  3 quokkas
  A ball python skeleton (D:4)
  2 giant gecko skeletons
  3 giant newts
  2 hobgoblin skeletons (Ossuary)
  A hobgoblin zombie (Ossuary)
  A kobold zombie (Ossuary)
  3 orc skeletons (Ossuary)
  A quokka zombie (D:9)
  13 rats
  A spectral orc (D:6)
  7 ballistomycetes
  5 giant spores
  2 toadstools
787 creatures vanquished.

Vanquished Creatures (collateral kills)
  A dire elephant (Lair:4)
  3 hydras
  3 death yaks (Lair:7)
  3 orc high priests (Orc:2)
  An unseen horror (D:11)
  An orc knight (Orc:2)
  13 elephants (Lair:4)
  A black mamba (Lair:4)
  6 spiny frogs
  A gargoyle (D:11)
  2 komodo dragons
  A troll (Orc:2)
  A blink frog (Lair:8)
  A shadow (D:11)
  2 wyverns
  A spriggan (D:9)
  5 yaks (Lair:4)
  3 basilisks (Lab)
  4 hungry ghosts
  4 hippogriffs
  4 water moccasins
  5 wargs
  A soldier ant (D:7)
  2 porcupines (Lair:4)
  4 orc warriors
  An ice beast (D:9)
  A sky beast (D:9)
  2 ogres (Orc:2)
  3 wolves (Lair:8)
  2 crocodiles
  9 giant frogs
  A scorpion (D:6)
  A vampire bat (D:11)
  3 killer bees (D:9)
  3 electric eels
  3 howler monkeys (D:9)
  7 orc priests (Orc:2)
  A hound (D:8)
  4 iguanas
  2 orc wizards
  A gnoll (Orc:1)
  An adder (D:6)
  8 river rats
  A shadow imp (Lair:1)
  2 adder skeletons
  A worm (D:6)
  A giant gecko (D:7)
  13 orcs
  A bat (D:11)
  A giant gecko skeleton (D:6)
  2 rats (D:9)
  18 giant spores
  4 hyperactive ballistomycetes
170 creatures vanquished.

Vanquished Creatures (others)
  6 oklob plants
  A centaur skeleton (D:11)
  26 wandering mushrooms
  10 necrophages
  2 ogres (Orc:2)
  A sheep (Lair:8)
  A hound skeleton (D:11)
  4 worker ant zombies
  4 river rats (Lair:7)
  2 white imps (IceCv)
  3 ufetubi (IceCv)
  2 orcs (Orc:2)
  20 ballistomycetes
  5 bushes (D:9)
  43 fungi
  23 giant spores
  2 hyperactive ballistomycetes
  29 plants
  583 toadstools
767 creatures vanquished.

Grand Total: 1724 creatures vanquished

Notes
Turn   | Place    | Note
--------------------------------------------------------------
     0 | D:1      | beholder the Tengu Air Elementalist began the quest for the Orb.
     0 | D:1      | Reached XP level 1. HP: 10/10 MP: 4/4
   349 | D:1      | Reached XP level 2. HP: 15/15 MP: 4/6
   353 | D:1      | Learned a level 2 spell: Repel Missiles
   356 | D:1      | Learned a level 2 spell: Swiftness
   955 | D:1      | Reached XP level 3. HP: 19/19 MP: 4/7
  1374 | D:2      | Found a snail-covered altar of Cheibriados.
  1685 | D:2      | Reached skill level 5 in Air Magic
  1685 | D:2      | Reached XP level 4. HP: 24/24 MP: 6/9
  1690 | D:2      | Learned a level 3 spell: Static Discharge
  1915 | D:2      | Noticed Terence
  1969 | D:2      | Killed Terence
  2479 | D:3      | Gained mutation: You can fly. [Tengu growth]
  2479 | D:3      | Reached XP level 5. HP: 28/28 MP: 7/10
  2860 | D:3      | Noticed a centaur
  2867 | D:3      | Killed a centaur
  2873 | D:3      | Reached XP level 6. HP: 13/32 MP: 4/11
  3230 | D:3      | Reached skill level 5 in Conjurations
  3245 | D:3      | Found a faded altar to an unknown god.
  3268 | D:3      | Found a sacrificial altar of Ru.
  3379 | D:3      | Found a shimmering altar of Xom.
  3492 | D:3      | Became a worshipper of Fedhas Madash
  3492 | D:3      | Reached * piety under Fedhas
  3535 | D:4      | Got an encrusted chain mail
  3546 | D:4      | Identified the +2 chain mail "Ifoa" {+Inv Regen+ Int+2 Stlth-} (You found it on level 4 of the Dungeon)
  3843 | D:4      | Reached XP level 7. HP: 15/36 MP: 7/13
  4187 | D:4      | Noticed Sigmund
  4338 | D:4      | Killed Sigmund
  4350 | D:4      | Learned a level 5 spell: Lightning Bolt
  4526 | D:4      | Reached XP level 8. HP: 36/42 MP: 3/15
  4681 | D:4      | Found a radiant altar of Vehumet.
  4715 | D:5      | Entered Level 5 of the Dungeon
  4737 | D:5      | Reached skill level 1 in Fighting
  4742 | D:5      | Reached ** piety under Fedhas
  4762 | D:5      | Reached skill level 1 in Armour
  4963 | D:4      | Upgraded the game from 0.18-a0-1702-gd20c6a5 to 0.18-a0-1718-g40ea4b6
  4980 | D:5      | Reached skill level 1 in Shields
  5087 | D:5      | Found a staircase to the Ecumenical Temple.
  5436 | D:5      | Found a white marble altar of Elyvilon.
  5449 | D:5      | Found a glowing silver altar of Zin.
  5514 | D:5      | Found Fagruot's Weapon Shoppe.
  5576 | Temple   | Entered the Ecumenical Temple
  5942 | D:6      | Noticed Chiseanne's ghost (novice DsWz)
  5964 | D:6      | Killed Chiseanne's ghost
  5964 | D:6      | Reached XP level 9. HP: 51/51 MP: 9/16
  5981 | D:6      | Noticed Blork the orc
  5991 | D:6      | Killed Blork the orc
  6365 | D:6      | Found a basalt altar of Yredelemnul.
  6416 | D:6      | Found an iron altar of Okawaru.
  6529 | D:7      | Found a sand-covered staircase.
  6558 | Ossuary  | Entered an ossuary
  6636 | Ossuary  | Reached skill level 5 in Dodging
  6733 | Ossuary  | Reached skill level 5 in Armour
  7170 | D:7      | Found a shattered altar of Ashenzari.
  7175 | D:7      | Found a sparkling altar of Nemelex Xobeh.
  7179 | D:7      | Found a burning altar of Makhleb.
  7575 | D:8      | Reached skill level 5 in Fighting
  7599 | D:8      | Found a deep blue altar of Sif Muna.
  7630 | D:8      | Found Pikom's Quality Used Wands.
  7772 | D:8      | Reached skill level 1 in Evocations
  7804 | D:8      | Got a fine leather armour
  7815 | D:8      | Identified the +1 leather armour of the Shoals {*Drain rPois rC++ MR+} (You found it on level 8 of the Dungeon)
  7830 | D:8      | Reached skill level 5 in Shields
  7840 | D:8      | Reached XP level 10. HP: 59/59 MP: 11/17
  7869 | D:8      | Found a shadowy altar of Dithmenos.
  7914 | D:8      | Reached skill level 1 in Invocations
  8571 | D:9      | Noticed Pikel
  9286 | D:9      | Found a bloodstained altar of Trog.
  9448 | D:9      | Killed Pikel
  9463 | D:9      | Reached *** piety under Fedhas
  9712 | D:9      | Found a staircase to the Lair.
 10162 | D:9      | Found a blossoming altar of Fedhas.
 10265 | D:9      | Reached skill level 5 in Evocations
 10284 | D:9      | Reached XP level 11. HP: 50/63 MP: 2/18
 10459 | Lair:1   | Entered Level 1 of the Lair of Beasts
 10491 | Lair:1   | Upgraded the game from 0.18-a0-1718-g40ea4b6 to 0.18-a0-1721-gc4d1f22
 10728 | Lair:1   | Got a glittering brass amulet
 10729 | Lair:1   | Identified the amulet "Moizyt" {Faith rPois rN+} (You found it on level 1 of the Lair of Beasts)
 10742 | Lair:1   | Noticed a six-headed hydra
 10778 | Lair:1   | Reached skill level 1 in Charms
 10947 | Lair:1   | Reached skill level 5 in Invocations
 11096 | Lair:1   | Reached **** piety under Fedhas
 11522 | Lair:2   | Killed a six-headed hydra
 11563 | Lair:2   | Noticed an eight-headed hydra
 11605 | Lair:2   | Killed an eight-headed hydra
 12129 | Lair:2   | Reached skill level 5 in Spellcasting
 13214 | Lair:3   | Found a frozen archway.
 13222 | IceCv    | Entered an ice cave
 14211 | IceCv    | Reached XP level 12. HP: 26/68 MP: 20/20
 14398 | Lair:3   | Noticed a six-headed hydra
 14409 | Lair:3   | Killed a six-headed hydra
 14805 | Lair:3   | Reached skill level 10 in Air Magic
 15082 | Lair:3   | Noticed Sonja
 15121 | Lair:3   | Killed Sonja
 15901 | Lair:4   | Noticed a dire elephant
 15962 | Lair:4   | Killed a dire elephant
 15971 | Lair:4   | Reached skill level 10 in Conjurations
 16588 | Lair:4   | Learned a level 4 spell: Passage of Golubria
 16649 | Lair:4   | Found a basalt altar of Yredelemnul.
 16738 | Lair:4   | Noticed a four-headed hydra
 16938 | Lair:4   | Noticed an eight-headed hydra
 16975 | Lair:4   | Reached skill level 10 in Dodging
 16979 | Lair:4   | Killed an eight-headed hydra
 17149 | Lair:4   | Reached XP level 13. HP: 76/76 MP: 22/22
 17257 | Lair:5   | Reached skill level 1 in Translocations
 17289 | Lair:5   | Reached ***** piety under Fedhas
 18044 | Lair:5   | Found a staircase to the Swamp.
 19184 | Lair:6   | Found a staircase to the Snake Pit.
 19215 | Lair:6   | Learned a level 2 spell: Blink
 20384 | Lair:7   | Found a labyrinth entrance.
 20393 | Lab      | Entered a labyrinth
 20994 | Lab      | Noticed a minotaur
 20997 | Lab      | Killed a minotaur
 21052 | Lab      | Upgraded the game from 0.18-a0-1721-gc4d1f22 to 0.18-a0-1778-gadce9fa
 21139 | Lab      | Got a spiked chain mail
 21970 | Lair:1   | Gained mutation: You are weak. (Str -2) [potion of mutation]
 21970 | Lair:1   | Gained mutation: You tend to lose your temper in combat. [potion of mutation]
 21970 | Lair:1   | Gained mutation: You are resistant to electric shocks. [potion of mutation]
 21971 | Lair:1   | Lost mutation: You are weak. (Str -2) [potion of mutation]
 21971 | Lair:1   | Gained mutation: Your system is resistant to poisons. [potion of mutation]
 22028 | Lair:5   | Gained mutation: You can fly continuously. [Tengu growth]
 22028 | Lair:5   | Reached XP level 14. HP: 84/84 MP: 24/25
 22165 | Lair:7   | Noticed Rupert
 22181 | Lair:7   | Killed Rupert
 22781 | Lair:8   | Entered Level 8 of the Lair of Beasts
 22894 | Lair:8   | Reached skill level 5 in Translocations
 22931 | Lair:8   | Identified a +2 rod of inaccuracy (11/11) (You found it on level 8 of the Lair of Beasts)
 23244 | Lair:7   | Upgraded the game from 0.18-a0-1778-gadce9fa to 0.18-a0-1782-gb76a692
 23813 | Lair:8   | Reached ****** piety under Fedhas
 24624 | Lair:8   | Reached XP level 15. HP: 57/88 MP: 1/28
 24883 | Lair:8   | Found a staircase to the Slime Pits.
 25300 | D:10     | Entered Level 10 of the Dungeon
 25679 | D:10     | Found an opulent altar of Gozag.
 27263 | D:11     | Found a staircase to the Orcish Mines.
 27730 | Orc:1    | Entered Level 1 of the Orcish Mines
 28186 | Orc:2    | Entered Level 2 of the Orcish Mines
 28228 | Orc:2    | Noticed an orc warlord
 28289 | Orc:2    | Killed an orc warlord
 28547 | Orc:2    | Found Houremm's Gadget Shop.
 28547 | Orc:2    | Found Fuczui's Jewellery Shoppe.
 28637 | Orc:2    | Found a roughly hewn altar of Beogh.
 28936 | Orc:2    | Found Ziopt's Gadget Shop.
 28936 | Orc:2    | Found Odybais's Antique Weapon Shoppe.
 29185 | Orc:2    | Found a staircase to the Elven Halls.
 29428 | Orc:2    | Upgraded the game from 0.18-a0-1782-gb76a692 to 0.18-a0-1805-g8ab820f
 29456 | Orc:2    | Bought the amulet "Qipy" {Gourm rPois rF+ Int+5 Stlth-} for 859 gold pieces
 29460 | Orc:2    | Found Houremm's Gadget Shop.
 29485 | Orc:2    | Found a roughly hewn altar of Beogh.
 29493 | Orc:2    | Found Ziopt's Gadget Shop.
 29493 | Orc:2    | Found Odybais's Antique Weapon Shoppe.
 29700 | D:4      | Fell from the grace of Fedhas
 29701 | D:4      | Became a worshipper of Vehumet
 29907 | Snake:1  | Entered Level 1 of the Snake Pit
 29944 | Snake:1  | HP: 3/89 [shock serpent/electric aura (10)]
 29946 | Snake:1  | Killed from afar by a shock serpent

Vault maps used:
D:1:      mrwooster_arrival_arrow, glass_columns_a, serial_bayou_pond_d,
          minmay_misc_feat_pillars
D:2:      lemuel_round_altar, first_bread, uniq_terence
D:3:      kennysheep_the_goblin_king, nicolae_ru_awakened_eye, serial_undead,
          serial_undead_c, serial_undead_e, serial_undead_f, serial_undead_a,
          serial_undead_c, ecumenical_altar_1, led_xom_imps
D:4:      lemuel_coloured_pillars_altar, uniq_sigmund
D:5:      zin_statuary, basic_altar, serial_shops, shop,
          minmay_misc_feat_diagonals, grunt_ministairs_15
D:6:      yredelemnul_forgotten_temple_becter, kennysheep_mini,
          uniq_blork_the_orc
D:7:      grunt_temple_overflow_diamond, nicolae_ossuary_entry_monument
D:8:      old_standard_altar, lemuel_crystal_altar, nicolae_for_you_no_charge
D:9:      fedhas_altar_decomposition, grunt_lair_entry_orc_guard_hut,
          the_bakery, trog_hazing_becter, uniq_pikel
D:10:     grunt_gozag_statues
D:11:     hangedman_screamer, orc_0_dummy, roderic_batcave
Temple:   minmay_temple_bridge_a_8
Lair:1:   minmay_holes, infiniplex_staircase_pool, grunt_megastairs_2
Lair:2:   grunt_megastairs_1
Lair:3:   portal_ice_cave_entry_pillars_02, grunt_megastairs_4,
          serial_bayou_shore_a, uniq_sonja
Lair:4:   beast_lair_carwin_large_4, basic_altar
Lair:5:   minmay_swamp_entry_worms, grunt_megastairs_3, lemuel_fruit_fields
Lair:6:   dummy_snake_entry, beast_lair_carwin_6
Lair:7:   lab_entry_generic, uniq_rupert
Lair:8:   minmay_lair_end_frog_pond, nicolae_slime_entry_slimehenge
Snake:1:  grunt_ministairs_4, spider_trap
Orc:1:    nicolae_orc_stony_grotto
Orc:2:    st_orc_town
Lab:      nicolae_lab_dead_adventurers, nicolae_lab_plus, nicolae_lab_grate_2,
          nicolae_lab_hexagon, nicolae_lab_starburst, nicolae_lab_quarters,
          nicolae_lab_arrow, nicolae_lab_garden
Ossuary:  ossuary_due_cavern
IceCv:    ice_cave_small_demon

Skill      XL: |  1  2  3  4  5  6  7  8  9 10 11 12 13 14 15 |
---------------+----------------------------------------------+-----
Conjurations   | 2 3 4 5 7 9 10 11 12 13 | 13.4
Air Magic      | 5 6 7 8 9 10 11 13 | 13.1
Spellcasting   | 3 4 5 7 8 |  8.2
Fighting       | 3 5 6 8 |  8.6
Armour         | 4 5 6 7 8 |  8.0
Shields        | 3 5 6 |  6.0
Dodging        | 4 6 8 9 10 11 12 13 | 13.3
Evocations     | 1 5 6 |  6.0
Invocations    | 4 6 7 9 |  9.0
Charms         | 2 |  2.0
Translocations | 3 5 |  5.1
Stealth        | |  2.0

Action                   |  1- 3 |  4- 6 |  7- 9 | 10-12 | 13-15 || total
-------------------------+-------+-------+-------+-------+-------++-------
Melee: Club              |    17 |    15 |       |       |       ||    32
       Dagger            |       |    23 |     7 |       |       ||    30
       Flail             |       |       |     7 |       |       ||     7
       Falchion          |       |       |    11 |    10 |       ||    21
       Staff             |       |       |     4 |    45 |    66 ||   115
       Rapier            |       |       |    20 |     6 |       ||    26
       Staff             |       |       |       |       |   202 ||   202
       Kick              |       |       |       |       |    47 ||    47
       Peck              |       |       |       |       |    30 ||    30
Throw: Tomahawk          |       |       |       |       |     4 ||     4
 Cast: Shock             |    44 |    85 |   207 |   435 |   159 ||   930
       Repel Missiles    |     1 |       |       |     1 |       ||     2
       Static Discharge  |       |     2 |       |    22 |    24 ||    48
       Swiftness         |       |       |     1 |    10 |     4 ||    15
       Lightning Bolt    |       |       |     3 |    40 |    39 ||    82
       Shock             |       |       |       |       |   345 ||   345
       Lightning Bolt    |       |       |       |       |    91 ||    91
       Static Discharge  |       |       |       |       |    37 ||    37
       Blink             |       |       |       |       |    10 ||    10
       Swiftness         |       |       |       |       |     2 ||     2
       Passage of Golubr |       |       |       |       |     2 ||     2
       Repel Missiles    |       |       |       |       |     2 ||     2
Invok: Evolution         |       |       |     4 |    16 |     2 ||    22
       Sunlight          |       |       |       |     1 |       ||     1
       Reproduction      |       |       |       |     2 |       ||     2
       Evolution         |       |       |       |       |    24 ||    24
       Reproduction      |       |       |       |       |    15 ||    15
       Rain              |       |       |       |       |     5 ||     5
       Sunlight          |       |       |       |       |     1 ||     1
       Renounce Religion |       |       |       |       |     1 ||     1
 Abil: Fly               |       |       |       |     6 |       ||     6
       Fly               |       |       |       |       |     1 ||     1
Evoke: Club              |       |       |       |    11 |       ||    11
       Wand              |       |       |       |       |    18 ||    18
       Lamp of fire      |       |       |       |       |     3 ||     3
       Sack of spiders   |       |       |       |       |     1 ||     1
       Rod               |       |       |       |       |     2 ||     2
  Use: Scroll            |       |       |    19 |    10 |     2 ||    31
       Potion            |       |       |     1 |     1 |     1 ||     3
       Potion            |       |       |       |       |     6 ||     6
       Scroll            |       |       |       |       |     3 ||     3
 Stab: Distracted        |     1 |       |       |     1 |       ||     2
       Sleeping          |     2 |     6 |     8 |     4 |       ||    20
       Confused          |       |       |       |       |     4 ||     4
       Sleeping          |       |       |       |       |     1 ||     1
  Eat: Chunk             |     3 |     7 |    13 |    27 |    18 ||    68
       Meat ration       |       |       |       |     2 |       ||     2
       Bread ration      |       |       |       |     2 |     1 ||     3
       Beef jerky        |       |       |       |     1 |       ||     1
       Chunk             |       |       |       |       |    31 ||    31
       Bread ration      |       |       |       |       |     3 ||     3
       Royal jelly       |       |       |       |       |     1 ||     1
       Meat ration       |       |       |       |       |     2 ||     2
       Royal jelly       |       |       |       |       |     1 ||     1
Armor: Leather armour    |       |       |       |       |    48 ||    48
Dodge: Dodged            |       |       |       |       |   584 ||   584
       Deflected         |       |       |       |       |    11 ||    11
Block: Buckler           |       |       |       |       |   170 ||   170
